 Dungeon Crawl Stone Soup version 0.30-a0-372-g0ce2686038 (webtiles) character file.

Game seed: 14150403868117053616

28 Engwar the Shield-Bearer (level 3, 0/26 HPs)
             Began as an Octopode Fighter on Nov 23, 2022.
             Killed by divine providence
             ... invoked by an orc priest
              (13 damage)
             ... on level 2 of the Dungeon.
             The game lasted 00:01:37 (516 turns).

Engwar the Shield-Bearer (Octopode Fighter)          Turns: 516, Time: 00:01:38

Health: 0/26       AC:  1    Str: 15    XL:     3   Next: 12%
Magic:  3/3        EV: 13    Int: 12    God:
Gold:   27         SH:  4    Dex: 11    Spells: 2/2 levels left

rFire   . . .      SeeInvis .    a - +0 war axe
rCold   . . .      Faith    .    b - +0 buckler
rNeg    . . .      Spirit   .    (helmet restricted)
rPois   .          Reflect  .    (no amulet)
rElec   .          Harm     .    (no ring)
rCorr   .          Rampage  .    (no ring)
Will    .....                    (no ring)
Stlth   ++........               (no ring)
HPRegen 0.24/turn                (no ring)
MPRegen 0.08/turn                (no ring)
                                 (no ring)
                                 (no ring)

@: no status effects
A: almost no armour, amphibious, 8 rings, camouflage 1, gelatinous body 1,
(nimble swimmer 1), tentacles
a: no special abilities


You were on level 2 of the Dungeon.
You visited 1 branch of the dungeon, and saw 2 of its levels.

You collected 27 gold pieces.

Inventory:

Hand Weapons
 a - a +0 war axe (weapon)
Missiles
 h - 8 stones (quivered)
Armour
 b - a +0 buckler (worn)
Magical Staves
 f - a staff of fire
Jewellery
 k - a ring of protection from cold
Scrolls
 g - 5 scrolls of teleportation {unknown}
 j - 2 scrolls of amnesia {unknown}
Potions
 c - 3 potions of might
 d - a potion of resistance {unknown}
 e - a potion of attraction {unknown}
 i - a potion of curing {unknown}


   Skills:
 + Level 3.2 Fighting
 * Level 2.6 Axes
 + Level 3.2 Dodging
 + Level 3.2 Shields


You had 2 spell levels left.
You didn't know any spells.
Your spell library was empty.

Dungeon Overview and Level Annotations

Branches:
Dungeon (2/15)

Altars:


Innate Abilities, Weirdness & Mutations

You cannot wear most types of armour.
You are amphibious.
You can wear up to eight rings at the same time.
Your skin changes colour to match your surroundings (Stealth+).
Your rubbery body absorbs attacks. (AC +1, EV +1)
((You are camouflaged when in or above water. (Stealth+)))
You have tentacles for arms and can constrict up to eight enemies at once.


Message History

There is a stone staircase leading up here.
There are monsters nearby!
You see here a ring of protection from cold.
k - a ring of protection from cold
There is a stone staircase leading up here.
The orc shouts!
You hear a shout!
The ball python closely misses you. The ball python grabs you.
The ball python constricts you.
You closely miss the ball python. Your grab misses the ball python.
Your squeeze misses the ball python. The ball python barely misses you.
The ball python constricts you.
An orc comes into view. It is wielding a +0 flail.
You slash the ball python!
You kill the ball python!
There is a stone staircase leading up here.
You block the orc's attack.
You climb upwards.
There is a stone staircase leading down here.
You hit the orc. You grab the orc.
The orc is severely wounded.
You constrict the orc.
You kill the orc!
You see here a +0 hand axe.
There is a stone staircase leading down here.
You climb downwards.
The orc priest calls down the wrath of Beogh upon you.
Beogh smites you!
There is a stone staircase leading up here.
You closely miss the orc. Your grab misses the orc.
You tentacle-slap the orc, but do no damage.
The orc priest looks encouraged for a moment.
The orc misses you.
You closely miss the orc. You grab the orc. You squeeze the orc.
The orc is moderately wounded.
You constrict the orc. You block the orc's attack.
The orc hits you with a +0 flail.
The orc priest mumbles some strange prayers to Beogh against you.
Beogh smites you!
Ouch! That really hurt!
You die...

##... .... .....
..) .... ..
#####..##.# #
##?........###.#
................
................
#.o........#
#..###o@...#
#.........
.......##.#
.........# #
..##.#..(...# .
#.#.#......
..#.#.#..##. ##
........


You could see an orc priest and an orc.

Vanquished Creatures
  An orc (D:1)
  3 bats (D:1)
  2 endoplasms (D:1)
  3 giant cockroaches (D:1)
  2 hobgoblins (D:1)
  2 jackals (D:1)
  4 ball pythons
  A frilled lizard (D:1)
  2 goblins (D:1)
  A kobold (D:1)
  5 rats (D:1)
26 creatures vanquished.

Notes
Turn   | Place    | Note
-------+----------+-------------------------------------------
     0 | D:1      | Engwar the Octopode Fighter began the quest for the Orb.
     0 | D:1      | Reached XP level 1. HP: 16/16 MP: 1/1
   100 | D:1      | Reached XP level 2. HP: 21/21 MP: 2/2
   367 | D:1      | Reached XP level 3. HP: 26/26 MP: 3/3
   516 | D:2      | Killed from afar by an orc priest

Illustrated notes

Levels and vault maps discovered:
D:1:      lightli_arrival_isolated_outpost, layout_rooms
D:2:      minmay_recursive_quarters, layout_basic,
          shapermc_ecumenical_altar_venn, minmay_tetromino_o2

Action                   || total
-------------------------++-------
Melee: War axe           ||    48
       Constrict         ||    10
       Tentacles         ||     7
       Punch             ||     1
 Stab: Sleeping          ||     4
Armor: Skin              ||     1
Dodge: Dodged            ||    18
Block: Buckler           ||    12

Table legend: (Time is in decaauts)
 A = Elapsed time spent in this place.
 B = Non-inter-level travel time spent in this place.
 C = Inter-level travel time spent in this place.
 D = Time resting spent in this place.
 E = Time spent auto-exploring this place.
 F = Levels seen in this place.
 G = Mean time per level.
                   A        B        C        D        E       F      G
               +--------+--------+--------+--------+--------+-----+--------+
         Total |    536 |    529 |      7 |     54 |    274 |   2 |  268.0 |
       Dungeon |    536 |    529 |      7 |     54 |    274 |   2 |  268.0 |
               +--------+--------+--------+--------+--------+-----+--------+

Top non-repeatable levels by time:
     D:1: 521 daAuts
     D:2: 14 daAuts
